 Dungeon Crawl Stone Soup version 0.19-a0-1697-g0595f0e (webtiles) character file.

482 GrosslyIncandescent the Insei (level 6, -2/47 HPs)
             Began as a Mummy Monk on Sept 26, 2016.
             Hit by a large rock thrown by a stone giant (37 damage)
             ... on level 1 of the Dungeon.
             The game lasted 00:09:04 (13945 turns).

GrosslyIncandescent the Insei (Mummy Monk)         Turns: 13945, Time: 00:09:05

Health: -2/47      AC:  1    Str: 14    XL:     6   Next: 87%
Magic:  6/6        EV: 15    Int:  9    God:
Gold:   231        SH:  0    Dex: 17    Spells: 0 memorised, 5 levels left

rFire  x . .     SeeInvis .       - Unarmed
rCold  + . .     Gourm    .     (no armour)
rNeg   + + +     Faith    .     (no shield)
rPois  ∞         Spirit   .     (no helmet)
rElec  .         Dismiss  .     (no cloak)
rCorr  .         Reflect  .     (no gloves)
MR     .....     Harm     .     (no boots)
Stlth  ++........               (no amulet)
                                (no ring)
                                (no ring)

@: no status effects
A: no food or potions, fire vulnerability, cold resistance 1, negative energy
resistance 3, torment resistance, unbreathing
a: no special abilities


You were on level 1 of the Dungeon.
You were not hungry.

You visited 1 branch of the dungeon, and saw 4 of its levels.

You collected 231 gold pieces.


Innate Abilities, Weirdness & Mutations

You do not eat or drink.
Your flesh is vulnerable to fire.
You are immune to poison.
Your flesh is cold resistant. (rC+)
You are immune to negative energy. (rN+++)
You are immune to unholy pain and torment.
You can survive without breathing.


   Skills:
 - Level 3.0 Fighting
 - Level 4.4 Dodging
 - Level 1.5 Stealth
 + Level 5.3 Unarmed Combat


You had 5 spell levels left.
You didn't know any spells.

Inventory:

Jewellery
 f - an uncursed amulet of regeneration {unknown}
 g - an uncursed ring of ice
Scrolls
 b - 2 scrolls of teleportation {unknown}
 c - a scroll of identify {unknown}
 d - 2 scrolls of remove curse
 e - 3 scrolls of magic mapping
 h - a scroll of random uselessness {unknown}
 i - 2 scrolls of enchant weapon {unknown}
Comestibles
 a - a royal jelly

Dungeon Overview and Level Annotations

Branches:
Dungeon (4/15)
 Temple: D:4-7

Altars:
Elyvilon
Gozag
Uskayaw

Annotations:
D:3 Xiguana's ghost, amateur DsCK
D:4 Sigmund

▒▒▒...▒▒▒▒.▒▒▒▒...▒▒▒░,░░░,
▒▒.......▒▒'▒▒.......▒▒,░ ░,
▒▒ ▒.........▒.▒.........▒,░
░░ .▒
▒(........'.+.........▒,░░░░
.▒
▒.........▒.▒......[..▒,,,),
.▒
▒▒.......▒▒C▒▒.......▒▒░░░░░
.▒ ▒▒▒...▒▒▒...▒▒▒..%▒▒▒ .▒
▒▒▒▒▒▒..(..▒▒▒▒▒▒ .▒ ▒..M..▒
.▒ ▒▒...▒▒ .▒ ▒▒▒▒▒ ░░░░░░
.▒ ░,,,,, .▒ ░,,,,, .▒
░,,,,, .▒ ░░░░,, ▒▒ ░,,,
░░░,░░


You could see a stone giant.


Message History

There's a creature in the doorway!!!
There's a creature in the doorway!!!
There's a creature in the doorway!!!
There's a creature in the doorway!!!
There's a creature in the doorway!!!
There's a creature in the doorway!!!
There's a creature in the doorway!!!
There's a creature in the doorway!!!
There's a creature in the doorway!!!
There's a creature in the doorway!!!
There's a creature in the doorway!!!
There's a creature in the doorway!!!
There's a creature in the doorway!!!
There's a creature in the doorway!!!
There's a creature in the doorway!!!
There's a creature in the doorway!!!
There's a creature in the doorway!!!
There's a creature in the doorway!!!
There's a creature in the doorway!!!
There's a creature in the doorway!!!
There's a creature in the doorway!!!
There's a creature in the doorway!!!
There's a creature in the doorway!!!
There's a creature in the doorway!!!
There isn't anything here!!!
The stone giant throws a large rock!
The large rock hits you!!!
You see here a large rock {=f}!
The stone giant throws a large rock!
The large rock hits you!!!!!!!!!
DANG rip

Action                   |  1- 3 |  4- 6 || total
-------------------------+-------+-------++-------
Melee: Unarmed           |   182 |   393 ||   575
       Punch             |     3 |     9 ||    12
  Use: Scroll            |       |     2 ||     2
 Stab: Sleeping          |     4 |     3 ||     7
Armor: Skin              |    14 |    13 ||    27
Dodge: Dodged            |   108 |   260 ||   368

Vault maps used:
D:1:      dpeg_arrival_three_bigger_balls, minmay_misc_feat_hallway
D:2:      minmay_door_path, eat_drink_and_be_merry_uskayaw, lemuel_tele_altar
D:3:      overflow_temple_1_default, first_bread, kennysheep_generic_room_9,
          uniq_robin, uniq_jessica
D:4:      kennysheep_spiral_hall, uniq_sigmund

Notes
Turn   | Place    | Note
-------+----------+-------------------------------------------
     0 | D:1      | GrosslyIncandescent the Mummy Monk began the quest for the Orb.
     0 | D:1      | Reached XP level 1. HP: 18/18 MP: 1/1
   313 | D:1      | Reached XP level 2. HP: 24/24 MP: 2/2
   358 | D:1      | Reached skill level 3 in Unarmed Combat
   817 | D:1      | Reached XP level 3. HP: 25/29 MP: 3/3
  1962 | D:2      | Found a hide-covered altar of Uskayaw.
  2046 | D:2      | Reached skill level 4 in Unarmed Combat
  2308 | D:2      | Reached XP level 4. HP: 35/35 MP: 4/4
  2775 | D:2      | Found an opulent altar of Gozag.
  3543 | D:3      | Reached XP level 5. HP: 13/41 MP: 5/5
  4032 | D:3      | Noticed Robin
  4300 | D:2      | Killed Robin
  4300 | D:2      | Reached skill level 5 in Unarmed Combat
  4909 | D:3      | Noticed Xiguana's ghost (amateur DsCK)
  5011 | D:3      | Noticed Jessica
  5021 | D:3      | Killed Jessica
  5044 | D:3      | Found a white marble altar of Elyvilon.
  5516 | D:3      | Reached XP level 6. HP: 17/47 MP: 6/6
  5794 | D:3      | Reached skill level 3 in Dodging
  6460 | D:4      | Reached skill level 4 in Dodging
  6737 | D:4      | Noticed Sigmund
 13715 | D:1      | Noticed a stone giant
 13945 | D:1      | Hit by a large rock thrown by a stone giant

Vanquished Creatures
  2 scorpions
  A howler monkey (D:4)
  An orc priest (D:3)
  An orc wizard (D:3)
  Jessica (D:3)
  A centaur skeleton (D:4)
  A hound skeleton (D:3)
  Robin (D:2)
  4 adders
  An ooze (D:1)
  An adder skeleton (D:4)
  6 worms
  2 dart slugs (D:1)
  5 leopard geckos
  16 orcs
  6 giant cockroaches
  16 goblins
  10 hobgoblins
  10 jackals
  13 kobolds
  A ball python (D:2)
  6 bats
  11 frilled lizards
  14 rats
131 creatures vanquished.
